 Dungeon Crawl Stone Soup version 0.31.0-11-ge490571c62 (webtiles) character file.

Game seed: 4890941884324369123

107 Skitler the Shield-Bearer (level 4, -9/29 HPs)
             Began as a Gargoyle Fighter on Jan 30, 2024.
             Mangled by Sigmund
             ... wielding a +3 scythe of freezing
              (11 damage)
             ... on level 3 of the Dungeon.
             The game lasted 00:03:53 (1910 turns).

Skitler the Shield-Bearer (Gargoyle Fighter)        Turns: 1910, Time: 00:03:54

Health: -9/29      AC: 17    Str: 22    XL:     4   Next: 85%
Magic:  4/4        EV:  3    Int:  8    God:
Gold:   69         SH:  0    Dex:  9    Spells: 3/3 levels left

rFire   + . .        a - +0 flail
rCold   + . .        c - +0 buckler
rNeg    + . .        h - +0 gold dragon scales
rPois   ∞            (no helmet)
rElec   +            (no cloak)
rCorr   .            (no gloves)
SInv    .            (no boots)
Will    .....        (no amulet) Stlth
                     (no ring)
HPRegen 0.24/turn    (no ring)
MPRegen 0.09/turn

%: no passive effects
@: confused, mighty
A: sickness immunity, AC +3, negative energy resistance 1, electricity
resistance, torment resistance 1, petrification resistance
a: no special abilities


You were on level 3 of the Dungeon.
You visited 1 branch of the dungeon, and saw 3 of its levels.

You collected 69 gold pieces.

Inventory:

Hand Weapons
 a - a +0 flail (weapon)
Armour
 b - a +0 scale mail
 c - a +0 buckler (worn)
 h - +0 gold dragon scales (worn)
Wands
 l - a wand of digging (4)
Scrolls
 e - 2 scrolls of poison {unknown}
 g - a scroll of brand weapon {unknown}
 i - a scroll of identify {unknown}
 j - a scroll of teleportation {unknown}
 m - a scroll of enchant weapon {unknown}
 n - a scroll of fog {unknown}
 o - a scroll of enchant armour {unknown}
Potions
 f - 3 potions of curing {unknown}
 k - a potion of heal wounds {unknown}


   Skills:
 * Level 4.0 Fighting
 * Level 3.3 Maces & Flails
 + Level 3.6 Armour
 * Level 4.2 Shields


You had 3 spell levels left.
You didn't know any spells.
Your spell library contained the following spells:

 Spells                   Type           Power      Damage    Failure   Level
 Ensorcelled Hibernation  Hex/Ice        0%         N/A       100%        2
 Fugue of the Fallen      Necr           0%         N/A       100%        3
 Volatile Blastmotes      Fire/Tloc      0%         2d10      100%        3
 Anguish                  Hex/Necr       0%         N/A       100%        4
 Fulminant Prism          Conj/Alch      0%         3d5       100%        4
 Iskenderun's Mystic Bla  Conj/Tloc      0%         2d3       100%        4


Dungeon Overview and Level Annotations

Branches:
Dungeon (3/15)

Altars:

Annotations:
D:3 Sigmund


Innate Abilities, Weirdness & Mutations

You are immune to sickness and miasma.
Your stone body is resilient. (AC +3)
You are immune to poison.
You resist negative energy. (rN+)
You are resistant to electric shocks. (rElec)
You are resistant to unholy torment.
You are immune to petrification.


Message History

Sigmund is heavily wounded.
Sigmund hits you but does no damage.
You barely miss Sigmund.
Sigmund is heavily wounded.
You hit Sigmund.
Sigmund is severely wounded.
Sigmund hits you with a +3 scythe of freezing!
Sigmund freezes you.
You closely miss Sigmund.
Sigmund is severely wounded.
Sigmund hits you but does no damage.
You barely miss Sigmund.
Sigmund is severely wounded.
Sigmund points at you and mumbles some strange words.
You are confused.
Unknown command.
Unknown command.
You thump Sigmund!
Sigmund is almost dead.
Sigmund hits you with a +3 scythe of freezing.
* * * LOW HITPOINT WARNING * * *
You barely miss Sigmund.
Sigmund is almost dead.
Sigmund gestures at you while chanting. The magic dart hits you.
* * * LOW HITPOINT WARNING * * *
Sigmund gestures at you while chanting. You resist with some effort.
You completely miss Sigmund.
Sigmund is almost dead.
Sigmund hits you with a +3 scythe of freezing.
* * * LOW HITPOINT WARNING * * *
Sigmund freezes you.
* * * LOW HITPOINT WARNING * * *
Unknown command.
You closely miss Sigmund.
Sigmund is almost dead.
Sigmund hits you with a +3 scythe of freezing!
You die...
Sigmund begins carving another notch in his scythe.

#. # #. .#
#)#####.## #
#.#......# ..##
#....@...#
.....#...@....#
#.##..........#
#......<.........
####.............
#.#........... ..
##.....#.... ##
.....######
....#.# ....#..


You could see Sigmund.

Vanquished Creatures
  4 adders (D:2)
  3 dart slugs (D:2)
  5 bats
  5 endoplasms
  A giant cockroach (D:2)
  7 goblins
  9 hobgoblins
  3 jackals (D:1)
  2 quokkas
  6 ball pythons (D:1)
  9 frilled lizards
  5 kobolds
  5 rats
64 creatures vanquished.

Notes
Turn   | Place    | Note
-------+----------+-------------------------------------------
     0 | D:1      | Skitler the Gargoyle Fighter began the quest for the Orb.
     0 | D:1      | Reached XP level 1. HP: 14/14 MP: 1/1
    67 | D:1      | Reached XP level 2. HP: 19/19 MP: 2/2
   266 | D:1      | Reached XP level 3. HP: 22/24 MP: 3/3
   744 | D:1      | Found a faded altar of an unknown god.
  1130 | D:2      | Reached XP level 4. HP: 29/29 MP: 4/4
  1895 | D:3      | Noticed Sigmund
  1909 | D:3      | HP: 1/29 [Sigmund/+3 scythe of freezing (1)]
  1910 | D:3      | Mangled by Sigmund

Illustrated notes

Levels and vault maps discovered:
D:1:      dpeg_arrival_connections, layout_basic,
          shapermc_ecumenical_altar_totnotflames,
          chequers_serial_rivers_micro_a, grunt_decor_resistance
D:2:      layout_basic, fountainhead, minmay_misc_feat_cross, minmay_lizard_king
D:3:      minmay_skewed_foursquare, layout_loops_cross, tso_altar,
          minmay_misc_feat_more_columns, st_stairs_2, uniq_crazy_yiuf_cottage,
          uniq_sigmund

Skill      XL: |  1  2  3  4 |
---------------+-------------+-----
Shields        | 4 |  4.2
Maces & Flails | 3 |  3.3
Fighting       | 4 |  4.0
Armour         | |  3.6

Action                     |  1- 3 |  4- 6 || total
---------------------------+-------+-------++-------
  Melee: Flail             |   122 |    92 ||   214
    Use: Potion            |       |     1 ||     1
 Armour: Scale mail        |    74 |       ||    74
         Gold dragon scale |    83 |   114 ||   197
  Dodge: Dodged            |    54 |    15 ||    69
  Block: Buckler           |    48 |    21 ||    69
